[Event "EU-ch 12th"]
[Site "Aix les Bains"]
[Date "2011.03.24"]
[Round "3"]
[White "Prie, Eric"]
[Black "Korobov, Anton"]
[Result "0-1"]
[ECO "A45"]
[WhiteElo "2508"]
[BlackElo "2647"]
[Annotator "Marchand,A/Primel,D"]
[PlyCount "94"]
[EventDate "2011.03.22"]
[EventType "swiss"]
[EventRounds "11"]
[EventCountry "FRA"]
[SourceTitle "CBM 142 Extra"]
[Source "ChessBase"]
[SourceDate "2011.06.27"]
[SourceVersion "1"]
[SourceVersionDate "2011.06.27"]
[SourceQuality "1"]
[TimeControl "40/5400+30:1800+30"]

1. d4 Nf6 2. Bf4 c5 3. e3 Nd5 $1 {il n'y a quasiment aucune partie dans les
bases avec cette ligne imaginée par le clermontois JL CHABANON mais il faut
noter que cette variante a été reprise ensuite dans beaucoup de parties en
2011 et 2012} (3... Qb6 4. Na3 $5 (4. Nc3)) 4. Bg3 (4. Bxb8 $6 Rxb8 5. e4 Nc7 6. Nf3 d5 $11 {Tran Tuan Minh (2295)-To,N 
(2345) Budapest FS04 IM 2011 (5) 1/2}) (4. dxc5 $5 Nxf4 5. exf4 Qa5+ 6. c3 Qxc5
$11 {Ferry,R (2029)-Giffard,N (2350) Syre Memorial op 36th 2013 (1.13) 0-1})
4... Qb6 5. Nc3 (5. Na3 $5 $146 Qxb2 (5... Qb4+ 6.
c3 Nxc3 7. Qd2 Ne4 8. Qxb4 cxb4 9. Nb5 Na6 10. Rc1 d6 11. Nxa7) 6. Nb5 Qb4+ 7.
c3 $1 Qa5 8. Bc4 a6 9. Bxd5 axb5 10. Ne2 e6 11. Bf3 b4 (11... d6 12. O-O) 12.
O-O $32 ) 5... Nxc3 6. bxc3 e6 $146 {La préparation des Noirs} (
6... d5 7. Rb1 Qa5 {Prie,E (2526)-Chabanon,J (2457) Cap d'Agde CCAS op 2010 (5)
1-0}) 7. Nf3 Qb2 $5 {[%emt 0:01:21] Risqué mais force quasiment Kd2} (7... Nc6
8. Bd3 (8. Rb1) 8... d5 9. O-O Be7 10. Rb1) 8. Kd2 $5 {Rappelle un peu une
position de française winawer avec un Kd2 difficile а attaquer.} Nc6 9. Ne5
Nxe5 10. Bxe5 f6 11. Bg3 Be7 12. a4 $1 {[%csl Rb2][%cal Ga4a5,Gf1b5] Menace
d'enfermer la Q} Qb6 (12... O-O 13. Bb5 a6 14. Qf3 axb5 15. Rhb1
) 13. Qh5+ (13. d5 e5 (13... exd5 14. Qh5+)) (13. Bd3 $142 $5 {Semble un peu
meilleur pour le développement} d5 (13... O-O 14. Qh5 f5 (14... g6 15. Bxg6)
15. a5) (13... g6 14. h4) 14. Qh5+ Kf8) 13... g6 14. Qh6 $1 Kf7 {Les deux K
sont maintenant déroqués mais le K noir parait un peu plus exposé} 15. Bd3 Qd8
16. h4 $1 Bf8 17. Qf4 d5 18. a5 c4 $1 19. Be2 Bd7 20. h5 g5 21. Qf3 h6 22. e4 (
22. Rhb1 ) (22. a6) 22... Bc6 23. exd5 (23. e5 f5 $17 ) 23... Bxd5 24. Qe3 Qd7 25. Bf3 (25. f4 Bg7 26.
Rhf1) 25... Bg7 26. Rhb1 Rhe8 27. Ke1 Rad8 28. Kf1 Qc6 $1 29. Rb4 (29. a6 $5) 29... f5 $1 (29... Bxf3 $6 30. Qxf3
Qxf3 31. gxf3 ) 30. Be5 Bxe5 31. dxe5 (31. Qxe5 Bxf3 32. gxf3 Qxf3
33. Qc7+ Kf8 (33... Re7 34. Qxd8 Qh1+ 35. Ke2 Qxa1) 34. Rxb7) 31... Bxf3 32.
gxf3 Re7 33. Rab1 {Après l'échange des pièces légères, les Blancs peuvent
peut-être annuler mais la finale serait perdante} a6 34. Qe2 (34. Rb6 Qd5 35.
Qd4 (35. Kg2 Qxa5) 35... Qxd4 36. cxd4 Rxd4 37. Rxb7 $132 ) (34.
Kg2 g4 ) 34... Qd5 $36 35. Kg2 $6 (35. Rxc4 Qxa5 36.
Rcb4 b5 37. c4 $132) 35... g4 36. Qe3 $2 {[%cal Ge3h6] Il va
manquer un tempo aux Blancs} gxf3+ (36... Rg8 {[%cal Gg8g2] Semblait un ordre
de coups plus précis}) 37. Kh2 (37. Kh1 $142 $1 {[%cal Ge3h6] Evite l'échec
intermédaire} Rg8 38. Qxh6 ) 37... Rg8 $36 38. Rg1
(38. Qd4) 38... Rxg1 39. Kxg1 Kg8 40. Qd4 Rg7+ 41. Kf1 Qxa5 $19 42. Ke1 Rg4 43.
Qd6 Re4+ 44. Kd2 Qd5+ 45. Kc1 Re1+ 46. Kb2 Qxd6 47. exd6 b5 0-1

[Event "EU-ch 12th"]
[Site "Aix les Bains"]
[Date "2011.04.02"]
[Round "11"]
[White "Shimanov, Aleksandr"]
[Black "Roser, Kevin"]
[Result "1-0"]
[ECO "A45"]
[WhiteElo "2550"]
[BlackElo "2423"]
[Annotator "Marchand,A/Primel,D"]
[PlyCount "63"]
[EventDate "2011.03.22"]
[EventType "swiss"]
[EventRounds "11"]
[EventCountry "FRA"]
[SourceTitle "CBM 142 Extra"]
[Source "ChessBase"]
[SourceDate "2011.06.27"]
[SourceVersion "1"]
[SourceVersionDate "2011.06.27"]
[SourceQuality "1"]
[TimeControl "40/5400+30:1800+30"]

1. d4 {André MARCHAND: Kevin ROSER (5,5 pts) affronte un jeune junior GMI
russe Aleksandr SHIMANOV (né en 92 - 2550) Voici son parcours déjà
impressionnant : 2200 а 12 ans, MF а 14 ans, MI а 15 ans, GMI а 17 ans ! et ce
n'est pas fini car il a encore gagné 16 pts début mars au championnat de
Russie Juniors.} Nf6 {L'isséen avait bien commencé le tournoi avec une nulle
contre un 2700 mais il a eu plus de mal sur les dernières rondes.} 2. Bg5 e6 (
2... Ne4 3. Bf4 (3. h4) 3... c5 (3... e5 {La mode actuelle} 4. dxe5 d5)) (2...
c5) 3. e4 {Une ligne agressive qui gagne de l'espace au détriment de la paire
de B} h6 (3... c5 4. e5 h6) 4. Bxf6 Qxf6 5. Nc3 d6 (5... Bb4 {L'alternative})
6. Qd2 c6 (6... g5 {La ligne critique avec la paire de B pour les Noirs contre
le fort centre des Blancs} 7. O-O-O Bg7 8. g3 Nc6 9. Bb5 Bd7 10. Nge2 $14 {
Degraeve,J (2580)-Chuchelov,V (2540)/Anderlecht rap rapid 1998/1/2-1/2}) 7. f4
e5 8. dxe5 dxe5 9. f5 Bb4 (9... Qd6 10. Bd3 $14) 10. Nf3 (10.
O-O-O) 10... Nd7 11. a3 Ba5 12. Bc4 (12. g4 $143 Qe7 13. h4 Nf6 $132 ) 12... Qe7 13. b4 (13. O-O-O {La suite logique du système
blanc}) 13... Bc7 14. O-O Nf6 15. Rab1 $6 $146 {Un coup bizarre} ({RR} 15. Kh1
Bd7 16. Qe1 b5 17. Bb3 a5 18. Qg3 O-O 19. Rad1 Rfd8 20. Rd3 axb4 21. axb4 Be8
22. Rxd8 Rxd8 23. Rb1 Kf8 24. Ba2 Bd6 25. Qh4 Bxb4 26. Ne2 Bd6 27. Ng3 Bc7 28.
Nh5 Nxh5 29. Qxh5 f6 {Povah,N (2324)-James,D (2123)/Hinckley Island 2009/EXT
2010/1-0 (76)}) 15... O-O {Un coup naturel mais la poussée h6 va donner de la
prise а une attaque sur l'aile-roi} (15... b5 16. Bb3 a5) (15... a5 $5) 16. Kh1
$1 {[%cal Gf1g1] Le plus étonnant dans cette position qui semble ok pour les
Noirs est la violence de l'attaque blanche qui va débouler sur l'aile-roi} Rd8
(16... Bd7 17. g4 Nh7 (17... Rfd8 18. g5) 18. h4
Rfd8 19. g5) (16... b5 17. Bb3) 17. Qe1 Kf8 $1 {Anticipe l'attaque sur la
colonne "g" mais l'isséen a néanmoins des problèmes pour terminer le
développement} 18. g4 $1 Nxg4 19. Rg1 $44 Nf6 20. Qg3 Ne8 (20... Nh5 21. Qg4 g6
$13 ) 21. f6 $3 {Un coup très profond} Nxf6 (21... Qxf6 22. Rbf1 ) 22. Qxg7+ Ke8 23. Rbf1 Bh3 24. Nh4 $1 Rd6 25. Rf3 Be6 $2 26. Rxf6 Bxc4 27. Rxd6 Bxd6 28. Nf5
Qf8 29. Nxd6+ Qxd6 30. Qh8+ Ke7 31. Qxa8 Qd4 32. Rd1 {Une partie
impressionnante du jeune russe} 1-0

[Event "Sautron op 14th"]
[Site "Sautron"]
[Date "2014.10.25"]
[Round "6"]
[White "Bedouin, Xavier"]
[Black "Terrieux, Kevin"]
[Result "0-1"]
[ECO "A45"]
[WhiteElo "2324"]
[BlackElo "2409"]
[Annotator "RR"]
[PlyCount "66"]
[EventDate "2014.10.26"]
[EventType "swiss"]
[EventRounds "9"]
[EventCountry "FRA"]
[SourceTitle "EXT 2015"]
[Source "ChessBase"]
[SourceDate "2014.11.20"]
[SourceVersion "1"]
[SourceVersionDate "2014.11.20"]
[SourceQuality "1"]
[TimeControl "40/5400+30:1800+30"]
[WhiteClock "0:02:16"]
[BlackClock "0:04:58"]

1. d4 Nf6 2. Bg5 Ne4 (2... c5 3. d5 Qb6 4. Nc3 {Le gambit Vaganian}) 3. Bf4 c5 4. d5 (4. f3 {La grande
ligne} Qa5+ 5. c3 Nf6 6. Nd2 (6. d5 Qb6 7. e4 Qxb2 8. Nd2 Qxc3 9. Bc7 $44))
4... Qb6 5. Nd2 $5 {[%emt 0:00:42] Un gambit risqué mais
intéressant et le breton l'a utilisé quelques mois plus tard au tournoi de
Lille avec les couleurs inversées.} (5. Bc1 e6 (5... g6 6. f3 Nd6 7. e4 Bg7 8.
Nc3 f5 9. exf5 Nxf5) 6. f3 Nf6 7. e4) 5... Qxb2 {[%emt 0:04:56] Relève le
gant du défi théorique} (5... Nxd2) 6. Nxe4 Qb4+ 7. Qd2 (7. c3 Qxe4 8. e3 $13 g5 (
8... e5 9. dxe6) 9. Bg3 Bg7 10. Rc1 d6 11. Nf3 Qg6 12. h4 h6 (12... gxh4 13.
Bd3 $44)) 7... Qxe4 8. e3 g5 $1 (8... e5 9. dxe6 {Terrieux,K (2439)-Zhigalko,A (2586)
Lille Luce op 6th 2015 (8) 1/2}) 9. Bg3 Bg7 10. Rb1 (10. c3) 10... Na6 $146 (10... Qa4
11. c4 Na6 12. Bd3 Nb4 13. Nf3 h6 14. O-O Qxa2 15. Qxa2 Nxa2 16. d6 Nb4 17. Be2
e6 18. Ne5 h5 19. f4 h4 20. Be1 a5 21. Bc3 Nc6 22. Rb5 gxf4 23. Nxf7 Kxf7 24.
Rxf4+ Kg8 25. Rg4 e5 26. Rxc5 b6 27. Rd5 Ba6 28. Bxe5 Rh7 29. Bd3 Kh8 30. Bxg7+
Rxg7 31. Rh5+ Kg8 32. Bh7+ Kf7 33. Rf5+ Ke6 34. Rxg7 Bxc4 35. Rf4 Ne5 36. Bg8+
Rxg8 37. Rxg8 Kxd6 38. Rxh4 Bxg8 39. Rh6+ Be6 40. h4 {Galyas,M (2265)
-Sinkovics,P (2405) Budapest 1997 0-1}) 11. f3 Qa4 12. c3 Qa5 $1 {[%emt 0:04:00][%csl Re1] Force Rc1
pour activer la majorité b5} 13. Rc1 b5 $132 14. Ne2 d6 15. h4 g4 16. Kf2 $13 {[%emt 0:01:45] Après la poussée h4, c'est
probablement le seul choix pour le K Blanc mais le K Noir est plus en
sécurité} Bd7 17. Bf4 {[%emt 0:01:55][%cal Ge2g3] Les
pièces Blanches sont assez mal coordonnées} O-O-O $15 18. Ng3 Be5 $6 {[%emt 0:12:02] Uné décision
discutable car les Blancs ont intérêt à simplifier la position par des
échanges.} 19. Bxe5 dxe5 20. a4 $1 Qxa4 21. Be2 (21. c4 $5
b4 22. Be2 $44) 21... Qa5 22. Ra1 Qb6 23. Rhb1 (23. Ra2 gxf3 24. gxf3 Rhg8 25. Rha1)
(23. Qa2 Kb7 24. Rhb1) 23... gxf3 24. gxf3 Nc7 25. Bxb5 $6 Bxb5 26. c4 e6 (26... Rhg8 27. Rxb5 Qg6 $19) 27. cxb5 Rxd5 28. Qc2 f5 29. Nxf5 {[%emt 0:03:26] Une dernière tentative désespérée} exf5 30. Qxf5+ Rd7 31. Ra6 Nxa6 32. bxa6 Qxa6 33. Qxe5 Rd2+ 0-1